3L
CAPITAL DISTRICT RED KNIGHTS @ KINGSTON TOWNSHIP LEGION
09/03/2025
 
TOP OF THE 1ST
Capital District Red Knights batting - Pitching for Kingston Township Legion : RHP Jon Briddon
Pitching: RHP Jon Briddon
Batting: RHB Danilo Mosca 0-0: Ball
1-0: Fly out, F7 (Flyball, 78D)
Batting: RHB José Paz 0-0: Ball
1-0: Ball
2-0: Reached on error, E6 (Groundball, 6M)
Batting: RHB Sergio Ortíz 0-0: Foul Ball, location: 2F
0-1: Foul Ball, location: 2F
0-2: Ball
1-2: Ball
2-2: Ball
3-2: Foul Ball, location: 2F
3-2: Base on Balls
José Paz to second
Batting: RHB Barry Dempsey 0-0: Called Strike
0-1: Foul Ball, location: 2F
0-2: Ball
1-2: Strikes out swinging
Batting: RHB Chris Costa 0-0: Called Strike
0-1: Reached on error, E6 (Groundball, 56)
José Paz to third
Sergio Ortíz to second
Batting: RHB Alfonso Enríquez 0-0: Called Strike
0-1: Called Strike
0-2: Fielders Choice at 2nd, 6-4 (Groundball, 6)
Top of the 1st over - 0 run(s), 0 hit(s), 2 error(s), 2 left on base; Capital District 0 - Kingston Township 0
BOTTOM OF THE 1ST
Kingston Township Legion batting - Pitching for Capital District Red Knights : RHP Leroy Moody
Pitching: RHP Leroy Moody
Batting: LHB Forrest McCooke 0-0: Called Strike
0-1: Ground out 4-3 (Groundball, 4S)
Batting: LHB Christian Blair 0-0: Ground out 4-3 (Groundball, 4)
Batting: LHB Clay Rush 0-0: Ball
1-0: Foul Ball, location: 2F
1-1: Fly out, F9 (Line Drive, 9)
Bottom of the 1st over - 0 run(s), 0 hit(s), 0 error(s), 0 left on base; Capital District 0 - Kingston Township 0
TOP OF THE 2ND
Capital District Red Knights batting - Pitching for Kingston Township Legion : RHP Jon Briddon
Batting: RHB Shawn Hicks 0-0: Ball
1-0: Fly out, F8 (Flyball, 8RS)
Batting: SHB Bernardo Hernández 0-0: Ground out U3 (Groundball, 3)
Batting: RHB Reggie Kahn 0-0: Fly out, F6 (Line Drive, 6)
Top of the 2nd over - 0 run(s), 0 hit(s), 0 error(s), 0 left on base; Capital District 0 - Kingston Township 0
BOTTOM OF THE 2ND
Kingston Township Legion batting - Pitching for Capital District Red Knights : RHP Leroy Moody
Batting: RHB Clarence Neal 0-0: Called Strike
0-1: Swinging Strike
0-2: Ball
1-2: Ball
2-2: DOUBLE (Line Drive, 89D)
Batting: LHB Andrés Chávez 0-0: Ball
1-0: Foul Ball, location: 2F
1-1: Called Strike
1-2: Ball
2-2: Ball
3-2: Foul Ball, location: 2F
3-2: SINGLE (Groundball, 34S) (infield hit)
Clarence Neal to third
Batting: RHB Jeffery Campbell 0-0: Ball
1-0: Fly out, F7 (Flyball, 7LM)
Runner from 3rd tags up, SCORES, throw made
Batting: LHB Martín Núńes 0-0: Ball
1-0: Called Strike
1-1: Ball
2-1: Foul Ball, location: 2F
2-2: Ball
3-2: Fly out, F7 (Flyball, 78D)
Batting: RHB Juan Aguirre 0-0: Ball
1-0: Called Strike
1-1: Called Strike
1-2: Strikes out swinging
Bottom of the 2nd over - 1 run(s), 2 hit(s), 0 error(s), 1 left on base; Capital District 0 - Kingston Township 1
TOP OF THE 3RD
Capital District Red Knights batting - Pitching for Kingston Township Legion : RHP Jon Briddon
Batting: RHB Danilo Mosca 0-0: Called Strike
0-1: Fly out, F9 (Flyball, 89S)
Batting: RHB José Paz 0-0: Ball
1-0: Called Strike
1-1: DOUBLE (Groundball, 5L)
Batting: RHB Sergio Ortíz 0-0: Ball
1-0: Fly out, F9 (Flyball, 89S)
Batting: RHB Barry Dempsey 0-0: Ball
1-0: Ball
2-0: Foul Ball, location: 2F
2-1: Ball
3-1: Base on Balls
Batting: RHB Chris Costa 0-0: Ball
1-0: Ball
2-0: Ball
3-0: Called Strike
3-1: 3-RUN HOME RUN (Line Drive, 7D), Distance : 428 ft
Batting: RHB Alfonso Enríquez 0-0: Called Strike
0-1: Ground out 6-3 (Groundball, 6)
Top of the 3rd over - 3 run(s), 2 hit(s), 0 error(s), 0 left on base; Capital District 3 - Kingston Township 1
BOTTOM OF THE 3RD
Kingston Township Legion batting - Pitching for Capital District Red Knights : RHP Leroy Moody
Batting: RHB Pedro Mendoza 0-0: Ball
1-0: Called Strike
1-1: Fly out, F8 (Line Drive, 8LS)
Batting: LHB Forrest McCooke 0-0: Ball
1-0: Foul Ball, location: 2F
1-1: Ball
2-1: Foul Ball, location: 2F
2-2: Fly out, F8 (Line Drive, 8RM)
Batting: LHB Christian Blair 0-0: Called Strike
0-1: Ball
1-1: Ball
2-1: Ball
3-1: Base on Balls
Batting: LHB Clay Rush 0-0: Called Strike
0-1: Ground out 4-3 (Groundball, 34)
Bottom of the 3rd over - 0 run(s), 0 hit(s), 0 error(s), 1 left on base; Capital District 3 - Kingston Township 1
TOP OF THE 4TH
Capital District Red Knights batting - Pitching for Kingston Township Legion : RHP Jon Briddon
Batting: RHB Shawn Hicks 0-0: Ball
1-0: Called Strike
1-1: Called Strike
1-2: DOUBLE (Line Drive, 8LXD)
Batting: SHB Bernardo Hernández 0-0: Ball
1-0: Called Strike
1-1: Ball
2-1: Ball
3-1: SINGLE (Flyball, 7LS)
Shawn Hicks to third
Batting: RHB Reggie Kahn 0-0: Ball
1-0: Ball
2-0: Fly out, F8 (Flyball, 8LM)
Runner from 3rd tags up, SCORES, no throw
Batting: RHB Danilo Mosca 0-0: Foul Ball, location: 2F
0-1: Ball
1-1: Ball
2-1: Swinging Strike
2-2: Foul Ball, location: 2F
2-2: Ball
3-2: Base on Balls
Bernardo Hernández to second
Batting: RHB José Paz 0-0: Foul Ball, location: 2F
0-1: Swinging Strike
0-2: Foul Ball, location: 2F
0-2: SINGLE (Line Drive, 7LS)
Bernardo Hernández to third
Danilo Mosca to second
Batting: RHB Sergio Ortíz 0-0: Ball
1-0: Foul Ball, location: 2F
1-1: Ground out 3-1 (Groundball, 34S)
Bernardo Hernández scores
Danilo Mosca to third
José Paz to second
Batting: RHB Barry Dempsey 0-0: Swinging Strike
0-1: Ball
1-1: Swinging Strike
1-2: Foul Ball, location: 2F
1-2: Strikes out swinging
Top of the 4th over - 2 run(s), 3 hit(s), 0 error(s), 2 left on base; Capital District 5 - Kingston Township 1
BOTTOM OF THE 4TH
Kingston Township Legion batting - Pitching for Capital District Red Knights : RHP Leroy Moody
Batting: RHB Clarence Neal 0-0: Ball
1-0: Foul Ball, location: 2F
1-1: Ground out 4-3 (Groundball, 4S)
Batting: LHB Andrés Chávez 0-0: Called Strike
0-1: Ball
1-1: Foul Ball, location: 2F
1-2: Ball
2-2: Ball
3-2: Fly out, F8 (Flyball, 8LD)
Batting: RHB Jeffery Campbell 0-0: Foul Ball, location: 2F
0-1: Ball
1-1: Fly out, F8 (Flyball, 8LD)
Bottom of the 4th over - 0 run(s), 0 hit(s), 0 error(s), 0 left on base; Capital District 5 - Kingston Township 1
TOP OF THE 5TH
Capital District Red Knights batting - Pitching for Kingston Township Legion : RHP Jon Briddon
Batting: RHB Chris Costa 0-0: Called Strike
0-1: Ball
1-1: SINGLE (Line Drive, 7S)
Batting: RHB Alfonso Enríquez 0-0: Ball
1-0: Ball
2-0: Foul Ball, location: 2F
2-1: Sac Bunt - play at first, batter OUT! 2-3
Chris Costa to second
Batting: RHB Shawn Hicks 0-0: Ball
1-0: Foul Ball, location: 2F
1-1: Hit by Pitch
Batting: SHB Bernardo Hernández 0-0: Called Strike
0-1: Ball
1-1: Fly out, F8 (Flyball, 8LM)
Batting: RHB Reggie Kahn 0-0: Swinging Strike
0-1: Swinging Strike
0-2: Fly out, F8 (Flyball, 8LD)
Top of the 5th over - 0 run(s), 1 hit(s), 0 error(s), 2 left on base; Capital District 5 - Kingston Township 1
BOTTOM OF THE 5TH
Kingston Township Legion batting - Pitching for Capital District Red Knights : RHP Leroy Moody
Batting: LHB Martín Núńes 0-0: Called Strike
0-1: Ball
1-1: Ground out 6-3 (Groundball, 6S)
Batting: RHB Juan Aguirre 0-0: Ball
1-0: Ground out 5-3 (Groundball, 5)
Batting: RHB Pedro Mendoza 0-0: Ball
1-0: Fly out, F8 (Flyball, 8LD)
Bottom of the 5th over - 0 run(s), 0 hit(s), 0 error(s), 0 left on base; Capital District 5 - Kingston Township 1
TOP OF THE 6TH
Capital District Red Knights batting - Pitching for Kingston Township Legion : RHP Jon Briddon
Batting: RHB Danilo Mosca 0-0: Called Strike
0-1: Foul Ball, location: 2F
0-2: Strikes out swinging
Batting: RHB José Paz 0-0: Called Strike
0-1: Ball
1-1: Ground out U3 (Groundball, 3)
Batting: RHB Sergio Ortíz 0-0: Ball
1-0: Ball
2-0: Ground out 5-3 (Groundball, 5L)
Top of the 6th over - 0 run(s), 0 hit(s), 0 error(s), 0 left on base; Capital District 5 - Kingston Township 1
BOTTOM OF THE 6TH
Kingston Township Legion batting - Pitching for Capital District Red Knights : RHP Leroy Moody
Batting: LHB Forrest McCooke 0-0: Called Strike
0-1: Ground out 6-3 (Groundball, 56)
Batting: LHB Christian Blair 0-0: Ball
1-0: Foul Ball, location: 2F
1-1: Ball
2-1: Foul Ball, location: 2F
2-2: Ground out 4-3 (Groundball, 4)
Batting: LHB Clay Rush 0-0: Foul Ball, location: 2F
0-1: Ball
1-1: Foul Ball, location: 2F
1-2: Ball
2-2: Ground out 4-3 (Groundball, 4)
Bottom of the 6th over - 0 run(s), 0 hit(s), 0 error(s), 0 left on base; Capital District 5 - Kingston Township 1
TOP OF THE 7TH
Capital District Red Knights batting - Pitching for Kingston Township Legion : RHP Jon Briddon
Batting: RHB Barry Dempsey 0-0: Ball
1-0: Foul Ball, location: 2F
1-1: Foul Ball, location: 2F
1-2: Ground out 6-3 (Groundball, 6)
Batting: RHB Chris Costa 0-0: Called Strike
0-1: Ball
1-1: Swinging Strike
1-2: Ball
2-2: Fly out, F4 (Line Drive, 4)
Batting: RHB Alfonso Enríquez 0-0: Ball
1-0: Ball
2-0: Ball
3-0: Base on Balls
Pitching: LHP Ezio Deodato
Batting: RHB Shawn Hicks 0-0: Ball
1-0: Called Strike
1-1: Fielders Choice at 2nd, 5-4 (Groundball, 5L)
Top of the 7th over - 0 run(s), 0 hit(s), 0 error(s), 0 left on base; Capital District 5 - Kingston Township 1
BOTTOM OF THE 7TH
Kingston Township Legion batting - Pitching for Capital District Red Knights : RHP Leroy Moody
Batting: RHB Clarence Neal 0-0: Ball
1-0: Fly out, F6 (Line Drive, 6)
Batting: LHB Andrés Chávez 0-0: Ball
1-0: Ball
2-0: Ground out 6-3 (Groundball, 6)
Batting: RHB Jeffery Campbell 0-0: Ground out 6-3 (Groundball, 6MD)
Bottom of the 7th over - 0 run(s), 0 hit(s), 0 error(s), 0 left on base; Capital District 5 - Kingston Township 1
TOP OF THE 8TH
Capital District Red Knights batting - Pitching for Kingston Township Legion : LHP Ezio Deodato
Batting: SHB Bernardo Hernández 0-0: Ball
1-0: Called Strike
1-1: Called Strike
1-2: Ground out 6-3 (Groundball, 6)
Batting: RHB Reggie Kahn 0-0: Fly out, F5 (Popup, 5L)
Batting: RHB Danilo Mosca 0-0: Foul Ball, location: 2F
0-1: Fly out, F9 (Line Drive, 9)
Top of the 8th over - 0 run(s), 0 hit(s), 0 error(s), 0 left on base; Capital District 5 - Kingston Township 1
BOTTOM OF THE 8TH
Kingston Township Legion batting - Pitching for Capital District Red Knights : RHP Leroy Moody
Batting: LHB Martín Núńes 0-0: Swinging Strike
0-1: Ball
1-1: Ball
2-1: Swinging Strike
2-2: Ball
3-2: Foul Ball, location: 2F
3-2: Strikes out swinging
Batting: RHB Juan Aguirre 0-0: Ball
1-0: Foul Ball, location: 2F
1-1: Ball
2-1: Ground out 5-3 (Groundball, 5)
Batting: RHB Pedro Mendoza 0-0: Swinging Strike
0-1: Fly out, F8 (Flyball, 8LD)
Bottom of the 8th over - 0 run(s), 0 hit(s), 0 error(s), 0 left on base; Capital District 5 - Kingston Township 1
TOP OF THE 9TH
Capital District Red Knights batting - Pitching for Kingston Township Legion : LHP Ezio Deodato
Batting: RHB José Paz 0-0: Ball
1-0: Called Strike
1-1: Ball
2-1: Foul Ball, location: 2F
2-2: Ball
3-2: Foul Ball, location: 2F
3-2: DOUBLE (Line Drive, 7LS)
Batting: RHB Sergio Ortíz 0-0: Swinging Strike
0-1: Ball
1-1: Ball
2-1: Swinging Strike
2-2: Foul Ball, location: 2F
2-2: Foul Ball, location: 2F
2-2: Ball
3-2: Base on Balls
Batting: RHB Barry Dempsey 0-0: Called Strike
0-1: SINGLE (Line Drive, 9S)
José Paz to third
Sergio Ortíz to second
Batting: RHB Chris Costa 0-0: Ball
1-0: Foul Ball, location: 2F
1-1: Called Strike
1-2: Ball
2-2: Strikes out swinging
Batting: RHB Alfonso Enríquez 0-0: Ball
1-0: TRIPLE (Flyball, 8LXD)
José Paz scores
Sergio Ortíz scores
Barry Dempsey scores
Batting: RHB Shawn Hicks 0-0: Called Strike
0-1: Swinging Strike
0-2: Foul Ball, location: 2F
0-2: Foul Ball, location: 2F
0-2: Ball
1-2: Foul Ball, location: 2F
1-2: Ground out 6-3 (Groundball, 6)
Alfonso Enríquez scores
Pitching: RHP Albert Días
Batting: SHB Bernardo Hernández 0-0: Ground out 6-3 (Groundball, 6)
Top of the 9th over - 4 run(s), 3 hit(s), 0 error(s), 0 left on base; Capital District 9 - Kingston Township 1
BOTTOM OF THE 9TH
Kingston Township Legion batting - Pitching for Capital District Red Knights : RHP Leroy Moody
Batting: LHB Forrest McCooke 0-0: Ball
1-0: Called Strike
1-1: Ball
2-1: Foul Ball, location: 2F
2-2: Strikes out swinging
Batting: LHB Christian Blair 0-0: Ball
1-0: SINGLE (Groundball, 3D)
Pitching: RHP Oswaldo Mobray
Batting: LHB Clay Rush 0-0: Called Strike
0-1: Called Strike
0-2: Ball
1-2: Strikes out swinging
Batting: RHB Clarence Neal 0-0: Foul Ball, location: 2F
0-1: Swinging Strike
0-2: Ball
1-2: SINGLE (Line Drive, 8RS)
Christian Blair to second
Runner from 2nd tries for 3rd, SAFE, throw made to third
Batting: LHB Andrés Chávez 0-0: Ball
1-0: Ball
2-0: Ground out 1-3 (Groundball, P)
Bottom of the 9th over - 0 run(s), 2 hit(s), 0 error(s), 2 left on base; Capital District 9 - Kingston Township 1
Friday, December 30th, 2016 - OOTP Baseball 17.12 Build 75